ACL
ACL HOUSTON ASTROS @ ACL PHILADELPHIA PHILLIES
05/06/2042
 
TOP OF THE 1ST
ACL Houston Astros batting - Pitching for ACL Philadelphia Phillies : RHP Jared Johnson
Pitching: RHP Jared Johnson
Batting: RHB José Pérez 0-0: Called Strike
0-1: Ball
1-1: Ball
2-1: Ball
3-1: Called Strike
3-2: Foul Ball, location: 9LMF
3-2: Foul Ball, location: 9LSF
3-2: Strikes out swinging
Batting: RHB Eric Sharp 0-0: Called Strike
0-1: Ball
1-1: Ball
2-1: Swinging Strike
2-2: Foul Ball, location: 2F
2-2: Foul Ball, location: 2F
2-2: Strikes out swinging, 2-3 out at first.
Batting: LHB Kevin Richard 0-0: Called Strike
0-1: Ball
1-1: Ball
2-1: Ball
3-1: Called Strike
3-2: Strikes out looking
Top of the 1st over - 0 runs, 0 hits, 0 errors, 0 left on base; ACL Houston 0 - ACL Philadelphia 0
BOTTOM OF THE 1ST
ACL Philadelphia Phillies batting - Pitching for ACL Houston Astros : RHP J.J. Wells
Pitching: RHP J.J. Wells
Batting: RHB Jim Cintrón 0-0: Called Strike
0-1: Swinging Strike
0-2: Ball
1-2: Strikes out swinging
Batting: RHB Jim Boggs 0-0: Ball
1-0: Called Strike
1-1: Swinging Strike
1-2: Strikes out looking
Batting: RHB Juan Ruíz 0-0: Swinging Strike
0-1: Ground out 6-3 (Groundball, 6, EV 93.1 MPH)
Bottom of the 1st over - 0 runs, 0 hits, 0 errors, 0 left on base; ACL Houston 0 - ACL Philadelphia 0
TOP OF THE 2ND
ACL Houston Astros batting - Pitching for ACL Philadelphia Phillies : RHP Jared Johnson
Batting: RHB José Jiménez 0-0: Called Strike
0-1: Ball
1-1: Called Strike
1-2: DOUBLE (Line Drive, 5D, EV 100.0 MPH)
Batting: LHB Joe Knapp 0-0: Ball
1-0: Sac Bunt to 2R - play at first, batter OUT! 2-3
José Jiménez to third
Batting: RHB José Nieves 0-0: Called Strike
0-1: Ball
1-1: Ball
2-1: Ball
3-1: Base on Balls
Batting: SHB Pat Bowen Pickoff Throw to First - Out! 1-3
0-0: Swinging Strike
0-1: Ball
1-1: Ball
2-1: Foul Ball, location: 5DF
2-2: Foul Ball, location: 2F
2-2: Ball
3-2: Base on Balls
Batting: RHB Juan Trejo 0-0: Called Strike
0-1: Ball
1-1: Ball
2-1: Ball
3-1: Swinging Strike
3-2: Strikes out swinging
Top of the 2nd over - 0 runs, 1 hit, 0 errors, 2 left on base; ACL Houston 0 - ACL Philadelphia 0
BOTTOM OF THE 2ND
ACL Philadelphia Phillies batting - Pitching for ACL Houston Astros : RHP J.J. Wells
Batting: RHB Jon Jones 0-0: Called Strike
0-1: Ball
1-1: Ball
2-1: Ball
3-1: Swinging Strike
3-2: TRIPLE (Line Drive, 89XD, EV 103.1 MPH)
Batting: RHB Stan Hickman 0-0: Called Strike
0-1: Ball
1-1: Ball
2-1: Foul Ball, location: 2F
2-2: Ball
3-2: 2-RUN HOME RUN (Line Drive, 7D, EV 95.6 MPH), Distance : 369 ft
Batting: RHB Steve Zimmerman 0-0: Called Strike
0-1: Swinging Strike
0-2: Ball
1-2: Fly out, F8 (Flyball, 8LS, EV 90.0 MPH)
Batting: SHB Jim Unknown 0-0: Called Strike
0-1: Ball
1-1: Called Strike
1-2: Strikes out looking
Batting: RHB Jim Unknown 0-0: Called Strike
0-1: Swinging Strike
0-2: Ball
1-2: Strikes out looking
Bottom of the 2nd over - 2 runs, 2 hits, 0 errors, 0 left on base; ACL Houston 0 - ACL Philadelphia 2
TOP OF THE 3RD
ACL Houston Astros batting - Pitching for ACL Philadelphia Phillies : RHP Jared Johnson
Batting: RHB Juan Ortíz 0-0: Ball
1-0: Ball
2-0: Ball
3-0: Base on Balls
Batting: RHB José Pérez 0-0: Sac Bunt to 3S - play at first, batter safe!
Juan Ortíz to second
Batting: RHB Eric Sharp 0-0: Ball
1-0: Called Strike
1-1: Ball
2-1: Foul Ball, location: 9LSFF
2-2: Strikes out swinging
Batting: LHB Kevin Richard 0-0: Ball
1-0: Ball
2-0: Foul Ball, location: 9LDF
2-1: Ball
3-1: Base on Balls
Juan Ortíz to third
José Pérez to second
Batting: RHB José Jiménez 0-0: Ball
1-0: Ball
2-0: Ball
3-0: Called Strike
3-1: Called Strike
3-2: Ground out 5-3 (Groundball, 56S, EV 74.4 MPH)
Juan Ortíz scores
José Pérez to third
Kevin Richard to second
Batting: LHB Joe Knapp 0-0: Ball
1-0: Foul Ball, location: 7LDF
1-1: Foul Ball, location: 3DF
1-2: Ball
2-2: Ball
3-2: Strikes out swinging
Top of the 3rd over - 1 run, 1 hit, 0 errors, 2 left on base; ACL Houston 1 - ACL Philadelphia 2
BOTTOM OF THE 3RD
ACL Philadelphia Phillies batting - Pitching for ACL Houston Astros : RHP J.J. Wells
Batting: RHB Jim Unknown 0-0: Ball
1-0: Called Strike
1-1: Foul Ball, location: 2F
1-2: Ball
2-2: Ball
3-2: Base on Balls
Batting: RHB Jim Cintrón 0-0: Bunt missed!
0-1: Ball
1-1: Bunted foul
1-2: Strikes out looking
Batting: RHB Jim Boggs 0-0: Called Strike
0-1: 2-RUN HOME RUN (Flyball, 78XD, EV 104.4 MPH), Distance : 404 ft
Batting: RHB Juan Ruíz 0-0: Ball
1-0: Ball
2-0: Called Strike
2-1: Fly out, F9 (Flyball, 9LS, EV 93.1 MPH)
Batting: RHB Jon Jones 0-0: Ball
1-0: Ball
2-0: Called Strike
2-1: Fly out, F5 (Popup, 56S, EV 71.9 MPH)
Bottom of the 3rd over - 2 runs, 1 hit, 0 errors, 0 left on base; ACL Houston 1 - ACL Philadelphia 4
TOP OF THE 4TH
ACL Houston Astros batting - Pitching for ACL Philadelphia Phillies : RHP Jared Johnson
Batting: RHB José Nieves 0-0: Fly out, F7 (Flyball, 78M, EV 91.9 MPH)
Batting: SHB Pat Bowen 0-0: Called Strike
0-1: Ball
1-1: Ball
2-1: Ball
3-1: Foul Ball, location: 5SF
3-2: Ground out 3-1 (Groundball, 34, EV 88.8 MPH)
Batting: RHB Juan Trejo 0-0: Ball
1-0: Called Strike
1-1: Swinging Strike
1-2: Ball
2-2: Foul Ball, location: 3SF
2-2: Strikes out swinging, 2-3 out at first.
Top of the 4th over - 0 runs, 0 hits, 0 errors, 0 left on base; ACL Houston 1 - ACL Philadelphia 4
BOTTOM OF THE 4TH
ACL Philadelphia Phillies batting - Pitching for ACL Houston Astros : RHP J.J. Wells
Batting: RHB Stan Hickman 0-0: Ball
1-0: Foul Ball, location: 2LF
1-1: Called Strike
1-2: Ball
2-2: Strikes out swinging
Batting: RHB Steve Zimmerman 0-0: Foul Ball, location: 2F
0-1: Ball
1-1: Swinging Strike
1-2: Foul Ball, location: 2F
1-2: Ball
2-2: Foul Ball, location: 5F
2-2: Ball
3-2: Base on Balls
Batting: SHB Jim Unknown 0-0: Ball
1-0: Swinging Strike
1-1: Called Strike
1-2: Ball
2-2: Ball
3-2: Base on Balls
Steve Zimmerman to second
Batting: RHB Jim Unknown 0-0: Foul Ball, location: 7LDF
0-1: Ball
1-1: Called Strike
1-2: Foul Ball, location: 2RF
1-2: Strikes out swinging
Batting: RHB Jim Unknown 0-0: Ball
1-0: Called Strike
1-1: Foul Ball, location: 2LF
1-2: Ball
2-2: Ball
3-2: Foul Ball, location: 2F
3-2: Strikes out swinging
Bottom of the 4th over - 0 runs, 0 hits, 0 errors, 2 left on base; ACL Houston 1 - ACL Philadelphia 4
TOP OF THE 5TH
ACL Houston Astros batting - Pitching for ACL Philadelphia Phillies : RHP Jared Johnson
Pitching: LHP Ed Allison
Batting: RHB Juan Ortíz 0-0: Ball
1-0: Ball
2-0: Ball
3-0: Called Strike
3-1: Called Strike
3-2: Foul Ball, location: 2F
3-2: Base on Balls
Batting: RHB José Pérez 0-0: 2-RUN HOME RUN (Line Drive, 7LD, EV 95.6 MPH), Distance : 351 ft
Batting: RHB Eric Sharp 0-0: Ball
1-0: Ball
2-0: Called Strike
2-1: Ball
3-1: Base on Balls
Batting: LHB Kevin Richard 0-0: Called Strike
0-1: Foul Ball, location: 2F
0-2: Strikes out swinging
Batting: RHB José Jiménez 0-0: Foul Ball, location: 2F
0-1: Ball
1-1: Grounds into double play, 5-4-3 (Groundball, 56S, EV 78.8 MPH)
Top of the 5th over - 2 runs, 1 hit, 0 errors, 0 left on base; ACL Houston 3 - ACL Philadelphia 4
BOTTOM OF THE 5TH
ACL Philadelphia Phillies batting - Pitching for ACL Houston Astros : RHP J.J. Wells
Batting: RHB Jim Cintrón 0-0: Called Strike
0-1: Ball
1-1: Ball
2-1: Swinging Strike
2-2: Ball
3-2: Foul Ball, location: 5SF
3-2: SINGLE (Line Drive, 9S, EV 90.6 MPH)
Pitching: RHP Cipriano Ruíz
Batting: RHB Jim Boggs 0-0: Ball
1-0: Ball
Wild Pitch!
Jim Cintrón to second
2-0: Ground out 4-3 (Groundball, 13, EV 88.8 MPH)
Jim Cintrón to third
Batting: RHB Juan Ruíz 0-0: Fly out, F8 (Flyball, 8RM, EV 93.1 MPH)
Runner from 3rd tags up, SCORES, throw by CF
Batting: RHB Jon Jones 0-0: Swinging Strike
0-1: Ball
1-1: Ball
2-1: Ball
3-1: Base on Balls
Batting: RHB Stan Hickman 0-0: Called Strike
0-1: Ball
Wild Pitch!
Jon Jones to second
1-1: Foul Ball, location: 5DF
1-2: Ball
2-2: Strikes out looking
Bottom of the 5th over - 1 run, 1 hit, 0 errors, 1 left on base; ACL Houston 3 - ACL Philadelphia 5
TOP OF THE 6TH
ACL Houston Astros batting - Pitching for ACL Philadelphia Phillies : LHP Ed Allison
Batting: LHB Joe Knapp 0-0: Swinging Strike
0-1: Called Strike
0-2: Strikes out swinging
Batting: RHB José Nieves 0-0: Foul Ball, location: 3FF
0-1: Foul Ball, location: 3F
0-2: Ball
1-2: Ball
2-2: Ball
3-2: DOUBLE (Line Drive, 5D, EV 100.6 MPH)
Batting: SHB Pat Bowen 0-0: Ball
1-0: Called Strike
1-1: Swinging Strike
1-2: Strikes out swinging
Batting: RHB Juan Trejo 0-0: Ball
1-0: Ball
2-0: Swinging Strike
2-1: Called Strike
2-2: Strikes out looking
Top of the 6th over - 0 runs, 1 hit, 0 errors, 1 left on base; ACL Houston 3 - ACL Philadelphia 5
BOTTOM OF THE 6TH
ACL Philadelphia Phillies batting - Pitching for ACL Houston Astros : RHP Cipriano Ruíz
Batting: RHB Steve Zimmerman 0-0: Ball
1-0: Called Strike
1-1: Ball
2-1: Foul Ball, location: 9LDF
2-2: Strikes out swinging
Batting: SHB Jim Unknown 0-0: Called Strike
0-1: Called Strike
0-2: Foul Ball, location: 25F
0-2: Strikes out looking
Batting: RHB Jim Unknown 0-0: Called Strike
0-1: SOLO HOME RUN (Flyball, 9D, EV 96.3 MPH), Distance : 364 ft
Batting: RHB Jim Unknown 0-0: Called Strike
0-1: Ball
1-1: Foul Ball, location: 23F
1-2: Ball
2-2: Ball
3-2: Base on Balls
Batting: RHB Jim Cintrón 0-0: Ball
1-0: Ball
2-0: Ball
3-0: Called Strike
3-1: Swinging Strike
3-2: Base on Balls
Jim Unknown to second
Batting: RHB Jim Boggs 0-0: Ball
1-0: Called Strike
1-1: Foul Ball, location: 2F
1-2: Foul Ball, location: 2LF
1-2: Ground out 2-3 (Groundball, 15S, EV 66.3 MPH)
Bottom of the 6th over - 1 run, 1 hit, 0 errors, 2 left on base; ACL Houston 3 - ACL Philadelphia 6
TOP OF THE 7TH
ACL Houston Astros batting - Pitching for ACL Philadelphia Phillies : LHP Ed Allison
Batting: RHB Juan Ortíz 0-0: Called Strike
0-1: Ball
1-1: Swinging Strike
1-2: Foul Ball, location: 2F
1-2: Strikes out swinging
Batting: RHB José Pérez 0-0: Called Strike
0-1: Ball
1-1: Ball
2-1: Ball
3-1: Foul Ball, location: 5DF
3-2: Base on Balls
Pitching: RHP Eddie Francis
Batting: RHB Eric Sharp 0-0: Called Strike
0-1: Swinging Strike
0-2: Strikes out swinging
Batting: LHB Kevin Richard 0-0: Ball
1-0: Ball
2-0: Called Strike
2-1: Ball
3-1: Swinging Strike
3-2: Fly out, F5 (Line Drive, 56, EV 71.9 MPH)
Top of the 7th over - 0 runs, 0 hits, 0 errors, 1 left on base; ACL Houston 3 - ACL Philadelphia 6
BOTTOM OF THE 7TH
ACL Philadelphia Phillies batting - Pitching for ACL Houston Astros : RHP Cipriano Ruíz
Batting: RHB Juan Ruíz 0-0: DOUBLE (Line Drive, 9LM, EV 107.5 MPH)
Batting: RHB Jon Jones 0-0: Intentional Walk
Batting: RHB Stan Hickman 0-0: Hit by Pitch
Juan Ruíz to third
Jon Jones to second
Batting: RHB Steve Zimmerman 0-0: Foul Ball, location: 3SF
0-1: Foul Ball, location: 9LDF
0-2: Strikes out swinging
Pitching: RHP Luis Gutiérrez
Batting: SHB Jim Unknown 0-0: Ball
1-0: Swinging Strike
1-1: Called Strike
1-2: Fly out, F9 (Flyball, 89M, EV 90.0 MPH)
Runner from 3rd tags up, SCORES, throw by RF
Jon Jones to third
Batting: RHB Jim Unknown 0-0: Ball
1-0: SINGLE (Line Drive, 34, EV 94.4 MPH)
Jon Jones scores
Stan Hickman to second
Batting: RHB Jim Unknown 0-0: Fly out, F3 (Popup, 23F, EV 86.3 MPH)
Bottom of the 7th over - 2 runs, 2 hits, 0 errors, 2 left on base; ACL Houston 3 - ACL Philadelphia 8
TOP OF THE 8TH
ACL Houston Astros batting - Pitching for ACL Philadelphia Phillies : RHP Eddie Francis
Batting: RHB José Jiménez 0-0: Ball
1-0: Ball
2-0: Called Strike
2-1: Called Strike
2-2: Strikes out swinging
Batting: LHB Joe Knapp 0-0: Called Strike
0-1: Called Strike
0-2: Foul Ball, location: 3FF
0-2: Fly out, F7 (Flyball, 7, EV 100.6 MPH)
Batting: RHB José Nieves 0-0: Ball
1-0: Swinging Strike
1-1: Ball
2-1: Foul Ball, location: 5F
2-2: Ball
3-2: Base on Balls
Batting: SHB Pat Bowen 0-0: Fly out, F3 (Line Drive, 3, EV 61.3 MPH)
Top of the 8th over - 0 runs, 0 hits, 0 errors, 1 left on base; ACL Houston 3 - ACL Philadelphia 8
BOTTOM OF THE 8TH
ACL Philadelphia Phillies batting - Pitching for ACL Houston Astros : RHP Luis Gutiérrez
Batting: RHB Jim Cintrón 0-0: Called Strike
0-1: Ball
1-1: Ball
2-1: Foul Ball, location: 9LSF
2-2: Foul Ball, location: 5F
2-2: DOUBLE (Flyball, 89D, EV 101.3 MPH)
Batting: RHB Jim Boggs 0-0: Called Strike
0-1: Foul Ball, location: 2F
0-2: Ball
1-2: Strikes out swinging
Batting: RHB Juan Ruíz 0-0: Swinging Strike
0-1: Ball
1-1: Foul Ball, location: 9LSF
1-2: Ball
2-2: Strikes out looking
Batting: RHB Jon Jones 0-0: Ball
1-0: Called Strike
1-1: Ball
2-1: 2-RUN HOME RUN (Flyball, 7D, EV 91.9 MPH), Distance : 367 ft
Pinch Hitting: RHB Jim Unknown 0-0: Foul Ball, location: 9LSF
0-1: Foul Ball, location: 5SF
0-2: Foul Ball, location: 2F
0-2: Ball
1-2: Strikes out swinging
Bottom of the 8th over - 2 runs, 2 hits, 0 errors, 0 left on base; ACL Houston 3 - ACL Philadelphia 10
TOP OF THE 9TH
ACL Houston Astros batting - Pitching for ACL Philadelphia Phillies : RHP Eddie Francis
Now at 2B: Jim Unknown
Pinch Hitting: LHB Norbert Long 0-0: Called Strike
0-1: Ball
1-1: Ball
2-1: Ball
3-1: Base on Balls
Pinch Hitting: RHB Manny Álvarez 0-0: Swinging Strike
0-1: Swinging Strike
0-2: Strikes out swinging
Pinch Hitting: RHB Bob MacDonald 0-0: Called Strike
0-1: Foul Ball, location: 2F
0-2: Ball
1-2: Hit by Pitch
Norbert Long to second
Batting: RHB Eric Sharp 0-0: Called Strike
0-1: Ball
1-1: Ball
2-1: Foul Ball, location: 3SF
2-2: Strikes out swinging
Batting: LHB Kevin Richard 0-0: DOUBLE (Line Drive, 9LS, EV 100.0 MPH)
Norbert Long scores
Bob MacDonald to third
Batting: RHB José Jiménez 0-0: Ball
1-0: Ball
2-0: TRIPLE (Groundball, 3L, EV 97.5 MPH)
Bob MacDonald scores
Kevin Richard scores
Pitching: RHP Sam Murphy
Batting: LHB Joe Knapp 0-0: Called Strike
0-1: Foul Ball, location: 5DF
0-2: Ball
1-2: Strikes out swinging
Top of the 9th over - 3 runs, 2 hits, 0 errors, 1 left on base; ACL Houston 6 - ACL Philadelphia 10
Friday, May 3rd , 2024 - OOTP Baseball 24.10 Build 82